 Dungeon Crawl Stone Soup version 0.31-a0-1597-ge7908ec95f (webtiles) character file.

Game seed: 15150711362675982481

208 Conn the Sneak (level 5, -11/31 HPs)
             Began as an Octopode Fire Elementalist on Jan 7, 2024.
             Mangled by an orc
             ... wielding a +3 dagger of electrocution
              (15 damage)
             ... on level 4 of the Dungeon.
             The game lasted 00:04:10 (2682 turns).

Conn the Sneak (Octopode Fire Elementalist)         Turns: 2682, Time: 00:04:11

Health: -11/31     AC:  1    Str:  7    XL:     5   Next: 86%
Magic:  7/9        EV: 14    Int: 19    God:
Gold:   126        SH:  0    Dex: 13    Spells: 9/10 levels left

rFire   . . .        f - staff of alchemy
rCold   . . .        (no shield)
rNeg    . . .        (helmet restricted)
rPois   +            c - amulet of regeneration
rElec   .            (no ring)
rCorr   .            (no ring)
SInv    .            (no ring)
Will    .....        (no ring)
Stlth   ++++         (no ring)
HPRegen 1.05/turn    (no ring)
MPRegen 0.11/turn    (no ring)
                     (no ring)

%: no passive effects
@: no status effects
A: almost no armour, amphibious, 8 rings, camouflage 1, gelatinous body 1,
(nimble swimmer 1), tentacles
a: no special abilities


You were on level 4 of the Dungeon.
You visited 1 branch of the dungeon, and saw 4 of its levels.

You collected 126 gold pieces.

Inventory:

Hand Weapons
 j - a +0 hand axe of electrocution
Magical Staves
 f - a staff of alchemy (weapon)
Jewellery
 c - an amulet of regeneration (around mantle)
Scrolls
 b - a scroll of blinking {unknown}
 d - 3 scrolls of revelation
 e - a scroll of identify
 i - a scroll of teleportation
Potions
 a - a potion of magic
 g - 2 potions of heal wounds {unknown}
 h - a potion of enlightenment {unknown}
 k - a potion of curing {unknown}


   Skills:
 + Level 3.1 Dodging
 + Level 4.5 Stealth
 + Level 3.0 Spellcasting
 + Level 2.4 Conjurations
 + Level 3.8 Fire Magic


You had 9 spell levels left.
You knew the following spells:

 Your Spells              Type           Power      Damage    Failure   Level
a - Foxfire               Conj/Fire      56%        2x1d6     4%          1

Your spell library contained the following spells:

 Spells                   Type           Power      Damage    Failure   Level
 Scorch                   Fire           34%        2d6       4%          2
 Inner Flame              Hex/Fire       10%        N/A       21%         3
 Volatile Blastmotes      Fire/Tloc      20%        2d11      21%         3
 Flame Wave               Conj/Fire      14%        2d6       38%         4


Dungeon Overview and Level Annotations

Branches:
Dungeon (4/15)
 Temple: D:4-7

Altars:
Makhleb
Zin

Shops:
D:2 :

Annotations:
D:2 Robin
D:3 Ijyb


Innate Abilities, Weirdness & Mutations

You cannot wear most types of armour.
You are amphibious.
You can wear up to eight rings at the same time.
Your skin changes colour to match your surroundings (Stealth+).
Your rubbery body absorbs attacks. (AC +1, EV +1)
((You are camouflaged when in or above water. (Stealth+)))
You have tentacles for arms and can constrict up to eight enemies at once.


Message History

2 orcs come into view.
An orc is wielding a +3 dagger of electrocution.
Found a scale mail.
An orc comes into view. It is wielding a +0 whip.
The orc misses you. The orc attacks as it pursues you! The orc misses you.
Unknown command.
Casting: Foxfire (safe; 4% risk of failure)
Confirm with . or Enter, or press ? or * to list all spells.
You conjure some foxfire!
The orc hits you with a +3 dagger of electrocution.
You are electrocuted!!
Ouch! That really hurt!
* * * LOW HITPOINT WARNING * * *
Unknown command.
Unknown command.
Unknown command.
You hit the orc but do no damage. You grab the orc.
You constrict the orc, but do no damage.
The foxfire hits the orc.
The orc is lightly wounded.
The foxfire hits the orc.
The orc is heavily wounded.
The orc barely misses you.
Unknown command.
Unknown command.
You hit the orc but do no damage. You squeeze the orc, but do no damage.
The orc is heavily wounded.
You constrict the orc, but do no damage.
The orc hits you with a +3 dagger of electrocution.
* * * LOW HITPOINT WARNING * * *
Unknown command.
Casting: Foxfire (safe; 4% risk of failure)
Confirm with . or Enter, or press ? or * to list all spells.
You conjure some foxfire!
You constrict the orc.
The orc shouts!
The orc hits you with a +3 dagger of electrocution.
* * * LOW HITPOINT WARNING * * *
You are electrocuted!
You die...

............#..#
.#######.)#.#..#
#..........#
#.#####.##.####### #
#.#......#.......#
#####.#.#.####.........#
..o...#.#...##.#.......#
###..[.o.##.##.#........
#...o..@v##.##.#........
##......v##.##>#.......#
#.......##.##.#.#######
#.########.##.#.## #
#.......# ####.#### #.#
#.# #.#


You could see 3 orcs.

Vanquished Creatures
  A hound (D:4)
  A bombardier beetle (D:4)
  2 iguanas (D:4)
  2 adders (D:2)
  4 dart slugs
  4 ribbon worms
  2 orcs
  2 bats (D:1)
  6 endoplasms
  3 giant cockroaches
  10 goblins
  7 hobgoblins
  4 quokkas
  4 frilled lizards
  2 kobolds
  5 rats
59 creatures vanquished.

Vanquished Creatures (others)
  249 foxfires
249 creatures vanquished.

Grand Total: 308 creatures vanquished

Notes
Turn   | Place    | Note
-------+----------+-------------------------------------------
     0 | D:1      | Conn the Octopode Fire Elementalist began the quest for the
                  | Orb.
     0 | D:1      | Reached XP level 1. HP: 11/11 MP: 3/3
   229 | D:1      | Reached XP level 2. HP: 17/17 MP: 3/5
   293 | D:1      | Reached skill level 3 in Stealth
   792 | D:2      | Reached XP level 3. HP: 21/21 MP: 0/6
  1128 | D:2      | Reached XP level 4. HP: 23/27 MP: 1/7
  1130 | D:2      | Noticed Robin
  1267 | D:2      | Found Biokk's Book Emporium.
  1634 | D:2      | Found a faded altar of an unknown god.
  1742 | D:3      | Noticed Ijyb
  1754 | D:3      | HP: 1/27 [Ijyb/bolt of light (16)]
  2004 | D:4      | Reached skill level 4 in Stealth
  2140 | D:4      | Reached XP level 5. HP: 31/31 MP: 3/9
  2281 | D:4      | Found a burning altar of Makhleb.
  2284 | D:4      | Noticed a green death
  2287 | D:4      | Found a glowing silver altar of Zin.
  2287 | D:4      | Noticed an angel
  2682 | D:4      | Mangled by an orc

Illustrated notes

Levels and vault maps discovered:
D:1:      amcnicky_arrival_choice, layout_loops_ring
D:2:      layout_basic, dreamdust_ecumenical_altar_statues, serial_shops, shop,
          uniq_robin
D:3:      minmay_angry_zag, layout_basic, kennysheep_vampire_church,
          mainiacjoe_overflow_alcove_2, nicolae_the_louvre, uniq_ijyb,
          uniq_jessica, uniq_natasha
D:4:      layout_basic, grunt_temple_overflow_order_and_chaos_2,
          marbit_many_paths

Skill      XL: |  1  2  3  4  5 |
---------------+----------------+-----
Stealth        | 3 4 |  4.5
Conjurations   | 2 |  2.4
Dodging        | 3 |  3.1
Spellcasting   | 3 |  3.0
Fire Magic     | |  3.8

Action                     |  1- 3 |  4- 6 || total
---------------------------+-------+-------++-------
  Melee: Unarmed           |     8 |       ||     8
         Constrict         |     6 |     6 ||    12
         Tentacles         |     5 |     6 ||    11
         Staff             |    12 |    23 ||    35
   Cast: Foxfire           |    53 |    94 ||   147
    Use: Scroll            |       |     2 ||     2
   Stab: Sleeping          |     2 |       ||     2
 Armour: Skin              |    11 |    19 ||    30
  Dodge: Dodged            |    13 |    25 ||    38

Table legend: (Time is in decaauts)
 A = Elapsed time spent in this place.
 B = Non-inter-level travel time spent in this place.
 C = Inter-level travel time spent in this place.
 D = Time resting spent in this place.
 E = Time spent auto-exploring this place.
 F = Levels seen in this place.
 G = Mean time per level.
                   A        B        C        D        E       F      G
               +--------+--------+--------+--------+--------+-----+--------+
         Total |   2687 |   2664 |     23 |      0 |   2062 |   4 |  671.8 |
       Dungeon |   2687 |   2664 |     23 |      0 |   2062 |   4 |  671.8 |
               +--------+--------+--------+--------+--------+-----+--------+

Top non-repeatable levels by time:
     D:2: 1003 daAuts
     D:4: 744 daAuts
     D:1: 665 daAuts
     D:3: 274 daAuts
